 Dungeon Crawl Stone Soup version 0.28.0 (webtiles) character file.

Game seed: 5582762787244196607

599 MacCMillion the Chopper (level 7, 34/61 HPs)
             Began as a Hill Orc Fighter on Feb 11, 2022.
             Quit the game on level 4 of the Dungeon.
             The game lasted 00:08:13 (3936 turns).

MacCMillion the Chopper (Hill Orc Fighter)          Turns: 3936, Time: 00:08:14

Health: 34/61      AC:  7    Str: 21    XL:     7   Next: 41%
Magic:  7/7        EV:  9    Int:  8    God:
Gold:   181        SH:  4    Dex: 10    Spells: 6/6 levels left

rFire   . . .      SeeInvis .   a - +0 war axe
rCold   . . .      Faith    .   c - +0 buckler
rNeg    . . .      Spirit   .   b - +0 scale mail
rPois   .          Reflect  .   (no helmet)
rElec   .          Harm     .   (no cloak)
rCorr   .          Rampage  .   (no gloves)
Will    .....                   (no boots)
Stlth   ..........              (no amulet)
HPRegen 0.20/turn               (no ring)
MPRegen 0.10/turn               (no ring)

@: no status effects
A: no striking features
a: no special abilities


You were on level 4 of the Dungeon.
You visited 2 branches of the dungeon, and saw 5 of its levels.

You collected 181 gold pieces.

Inventory:

Hand Weapons
 a - a +0 war axe (weapon)
Missiles
 i - 9 poisoned darts (quivered)
 p - 3 silver boomerangs
 t - 2 boomerangs
Armour
 b - a +0 scale mail (worn)
 c - a +0 buckler (worn)
Jewellery
 s - a ring of protection from fire
Scrolls
 d - a scroll of noise {unknown}
 h - a scroll of brand weapon {unknown}
 j - a scroll of enchant armour {unknown}
 k - 2 scrolls of fear {unknown}
 m - a scroll of vulnerability {unknown}
 n - a scroll of identify {unknown}
 o - 3 scrolls of fog {unknown}
 u - a scroll of teleportation {unknown}
Potions
 e - 2 potions of degeneration {unknown}
 f - 2 potions of attraction {unknown}
 g - a potion of invisibility {unknown}
 l - a potion of flight {unknown}
 q - a potion of might
 r - a potion of brilliance {unknown}
 v - a potion of lignification {unknown}


   Skills:
 - Level 5.0 Fighting
 * Level 7.7 Axes
 + Level 1.7 Throwing
 - Level 5.0 Armour
 - Level 4.0 Shields


You had 6 spell levels left.
You didn't know any spells.
Your spell library contained the following spells:

 Spells                   Type           Power      Damage    Failure   Level
 Foxfire                  Conj/Fire      0%         2x1d4     83%         1
 Sandblast                Erth           0%         2d4       83%         1
 Passwall                 Tmut/Erth      0%         N/A       92%         2
 Sublimation of Blood     Necr           0%         N/A       92%         2
 Wereblood                Tmut           0%         N/A       92%         2
 Conjure Flame            Conj/Fire      0%         6-21      99%         3
 Inner Flame              Hex/Fire       0%         N/A       99%         3
 Stone Arrow              Conj/Erth      0%         3d7       99%         3
 Flame Wave               Conj/Fire      0%         2d4       100%        4
 Summon Hydra             Summ           0%         N/A       100%        7


Dungeon Overview and Level Annotations

Branches:
Dungeon (4/15)             Temple (1/1) D:4

Altars:
Dithmenos
Fedhas
Hepliaklqana
Kikubaaqudgha
Sif Muna
Yredelemnul
Zin
The Shining One
Lugonu

Shops:
D:1 =

Annotations:
D:4 2 runed translucent doors, MrOwl's ghost, novice HOFi


Message History

Level annotation: 2 runed translucent doors, MrOwl's ghost, novice HOFi You block the goblin's attack.
There is a staircase to the Ecumenical Temple here.
You slash the goblin!
You kill the goblin!
The orc priest invokes the aid of Beogh against you.
Beogh smites you!
Unknown command.
The orc shouts!
The orc hits you but does no damage.
You slash the orc!
You kill the orc!
You hit the orc priest.
The orc priest is lightly wounded.
The orc priest completely misses you.
You barely miss the orc priest.
The orc priest is lightly wounded.
The orc priest threatens, "By the altar or by the axe, you will meet Beogh!"
The orc priest shouts, "Join the one true god or die!"
You block the orc priest's attack.
You hit the orc priest but do no damage.
The orc priest is lightly wounded.
The orc priest shouts, "Beogh is our master!
Accept the truth or die!"
The orc priest invokes the aid of Beogh against you.
Beogh smites you!
You hit the orc priest but do no damage.
The orc priest is lightly wounded.
The orc priest shouts, "Join the one true god or die!"
The orc priest hits you but does no damage.
The orc priest hits you with a +0 whip.
You closely miss the orc priest.
The orc priest is lightly wounded.
The orc priest shouts, "Surrender to Beogh and we'll let you live!"
The orc priest hits you with a +0 whip.
You slash the orc priest!
The orc priest is severely wounded.
The orc priest closely misses you.
You slash the orc priest!
You kill the orc priest!
Are you sure you want to abandon this character and quit the game? (Confirm with "yes".)

#..........# #....####
#....##...## #...)#
#....##...########....#
#.....#..........#....####
#....##..........#........
#....##..........#........
#...........#........
#...))......#........
#...@##.o...#.^......
#.)..##.....#........
##.>........#####....
#.......... #....
#........... #....
#........... #....
##...##..... #.... #...#
##### #.... ..... #....


There were no monsters in sight!

Vanquished Creatures
  Sigmund (D:2)
  A scorpion (D:2)
  A gnoll shaman (D:4)
  4 orc priests
  Jessica (D:2)
  Terence (D:2)
  3 gnolls
  5 adders
  A worm (D:2)
  4 dart slugs
  7 orcs
  4 ball pythons
  6 bats
  8 endoplasms
  3 giant cockroaches
  12 goblins
  7 hobgoblins
  4 kobolds
  6 quokkas
  3 frilled lizards (D:2)
  A quokka skeleton (D:4)
  6 rats
89 creatures vanquished.

Vanquished Creatures (others)
  2 demonic plants (Temple)
2 creatures vanquished.

Grand Total: 91 creatures vanquished

Notes
Turn   | Place    | Note
-------+----------+-------------------------------------------
     0 | D:1      | MacCMillion the Hill Orc Fighter began the quest for the
                  | Orb.
     0 | D:1      | Reached XP level 1. HP: 19/19 MP: 1/1
    62 | D:1      | Reached skill level 3 in Axes
    62 | D:1      | Reached XP level 2. HP: 27/27 MP: 2/2
   385 | D:1      | Reached XP level 3. HP: 22/33 MP: 3/3
   747 | D:1      | Found Qavierig's One-of-a-Kind Rings.
  1071 | D:2      | You fall into a shaft and drop 1 floor!
  1083 | D:3      | Reached skill level 4 in Axes
  1139 | D:3      | Reached XP level 4. HP: 40/40 MP: 4/4
  1236 | D:2      | Noticed Sigmund
  1242 | D:2      | Killed Sigmund
  1243 | D:2      | Reached skill level 5 in Axes
  1243 | D:2      | Reached XP level 5. HP: 25/47 MP: 5/5
  1243 | D:2      | Reached XP level 6. HP: 29/55 MP: 6/6
  1594 | D:2      | Noticed Jessica
  1599 | D:2      | Killed Jessica
  1722 | D:2      | Reached skill level 5 in Fighting
  1852 | D:2      | Noticed Terence
  1867 | D:2      | Killed Terence
  1868 | D:2      | Reached skill level 6 in Axes
  1933 | D:2      | Found a faded altar of an unknown god.
  2355 | D:3      | Reached skill level 5 in Armour
  3290 | D:4      | Reached XP level 7. HP: 49/55 MP: 7/7
  3348 | D:4      | Reached skill level 7 in Axes
  3348 | D:4      | Reached skill level 1 in Throwing
  3436 | D:4      | Found a large runed translucent door.
  3436 | D:4      | Found a large runed translucent door.
  3437 | D:4      | Noticed MrOwl's ghost (novice HOFi)
  3773 | D:4      | Found a staircase to the Ecumenical Temple.
  3783 | Temple   | Entered the Ecumenical Temple
  3936 | D:4      | Quit the game

Illustrated notes

Levels and vault maps discovered:
D:1:      dpeg_arrival_stone_temple_mockup, layout_loops_ring,
          nicolae_shop_unique_rings
D:2:      layout_loops_ring, chequers_ecumenical_altar_lobes, uniq_jessica,
          uniq_sigmund, uniq_terence
D:3:      layout_loops_ring
D:4:      layout_gridville, minmay_temple_entry_proselytizer,
          ebering_ghost_disaster_area
Temple:   corrupted_temple

Skill      XL: |  1  2  3  4  5  6  7 |
---------------+----------------------+-----
Axes           | 3 4 5 6 7 |  7.7
Fighting       | 4 5 |  5.0
Armour         | 4 5 |  5.0
Shields        | 4 |  4.0
Throwing       | 1 |  1.7

Action                   |  1- 3 |  4- 6 |  7- 9 || total
-------------------------+-------+-------+-------++-------
Melee: War axe           |    90 |   114 |    55 ||   259
Throw: Dart              |       |     9 |       ||     9
  Use: Potion            |       |     1 |       ||     1
Armor: Scale mail        |    42 |    47 |    23 ||   112
Dodge: Dodged            |    42 |    50 |    21 ||   113
Block: Buckler           |    21 |    18 |    12 ||    51
